 Dungeon Crawl Stone Soup version 0.31.0-4-g52a2dc7128 (webtiles) character file.

Game seed: 6130238601101745496

33 Strat the Grave Robber (level 3, -5/18 HPs)
             Began as a Vine Stalker Necromancer on Jan 22, 2024.
             Slain by a gnoll
             ... wielding a +0 flail
              (10 damage)
             ... on level 2 of the Dungeon.
             The game lasted 00:02:07 (700 turns).

Strat the Grave Robber (Vine Stalker Necromancer)    Turns: 700, Time: 00:02:07

Health: -5/18      AC:  4    Str: 10    XL:     3   Next: 29%
Magic:  0/7        EV: 11    Int: 15    God:
Gold:   26         SH:  0    Dex: 16    Spells: 5/6 levels left

rFire   . . .        a - +0 dagger (speed)
rCold   . . .        (no shield)
rNeg    . . .        g - +0 leather armour
rPois   +            h - +0 helmet
rElec   .            (no cloak)
rCorr   .            (no gloves)
SInv    .            (no boots)
Will    .....        (no amulet)
Stlth   ++           e - ring of poison resistance
HPRegen 1.03/turn    (no ring)
MPRegen 0.10/turn

%: guardian spirit
@: no status effects
A: fangs 2, regeneration 1, magic shield, antimagic bite, no potion heal 2
a: no special abilities


You were on level 2 of the Dungeon.
You visited 1 branch of the dungeon, and saw 2 of its levels.

You collected 26 gold pieces.

Inventory:

Hand Weapons
 a - a +0 dagger of speed (weapon)
Armour
 d - a +0 robe
 g - a +0 leather armour (worn)
 h - a +0 helmet (worn)
Jewellery
 e - a ring of poison resistance (left hand)
 i - a +6 ring of intelligence
Scrolls
 f - a scroll of teleportation {unknown}
 j - a scroll of amnesia {unknown}
Potions
 b - a potion of magic
 c - a potion of invisibility {unknown}
 k - a potion of resistance {unknown}


   Skills:
 + Level 1.4 Fighting
 * Level 1.0 Short Blades
 - Level 1.5 Dodging
 + Level 3.5 Stealth
 - Level 2.1 Spellcasting
 - Level 4.0 Necromancy


You had 5 spell levels left.
You knew the following spells:

 Your Spells              Type           Power      Damage    Failure   Level
a - Necrotise             Necr           52%        1d6       6%          1

Your spell library contained the following spells:

 Spells                   Type           Power      Damage    Failure   Level
 Vampiric Draining        Necr           13%        2d6       17%         3
 Animate Dead             Necr           13%        N/A       50%         4
 Curse of Agony           Necr           13%        N/A       85%         5


Dungeon Overview and Level Annotations

Branches:
Dungeon (2/15)

Altars:


Innate Abilities, Weirdness & Mutations

You have extremely sharp teeth.
Your natural rate of healing is unusually fast.
When hurt, damage is shared between your health and your magic reserves.
Your bite disrupts and absorbs the magic of your enemies.
Potions cannot restore your health.


Message History

No target in view!
No target in view!
No target in view!
No target in view!
No target in view!
k - a bubbling inky potion You see here a bat corpse.
You see here a +0 whip.
Items here: )) รทรท.
Done exploring.
Done exploring.
There is a stone staircase leading down here.
You climb downwards.
There is a stone staircase leading up here.
A bat comes into view. 3 gnolls come into view.
The gnoll shouts! x2
An endoplasm comes into view.
You hear a bark!
The gnoll shouts!
The bat hits you. The gnoll hits you but does no damage. The gnoll misses you.
The endoplasm quivers.
You hit the gnoll. Your bite misses the gnoll.
The gnoll is moderately wounded.
A hound comes into view.
The bat barely misses you. The gnoll attacks as it pursues you!
The gnoll hits you with a +0 flail!
* * * LOW HITPOINT WARNING * * *
The gnoll attacks as it pursues you! The gnoll hits you with a +0 flail!
Ouch! That really hurt!
* * * LOW HITPOINT WARNING * * *
The gnoll attacks as it pursues you! The gnoll hits you with a +0 flail.
* * * LOW HITPOINT WARNING * * *
You hit the gnoll but do no damage.
The gnoll is moderately wounded.
You hit the gnoll. You bite the gnoll, but do no damage.
The gnoll is moderately wounded.
The gnoll hits you with a +0 flail!
Ouch! That really hurt!
You die...

... ...#.#
#.# h...###
#.# #.g...
#.#
#...#####.
#.#
#####g.......
#<#
#....g.......
#.#
#.###########
#.########.#
#....@gb...#
############


You could see a gnoll and a bat.

Vanquished Creatures
  A dart slug (D:1)
  2 ball pythons (D:1)
  4 endoplasms (D:1)
  A goblin (D:1)
  2 hobgoblins (D:1)
  6 jackals (D:1)
  5 bats (D:1)
  2 frilled lizards (D:1)
  4 kobolds (D:1)
  A rat (D:1)
28 creatures vanquished.

Notes
Turn   | Place    | Note
-------+----------+-------------------------------------------
     0 | D:1      | Strat the Vine Stalker Necromancer began the quest for the
                  | Orb.
     0 | D:1      | Reached XP level 1. HP: 9/9 MP: 4/4
   116 | D:1      | Reached XP level 2. HP: 13/14 MP: 3/6
   123 | D:1      | Reached skill level 1 in Fighting
   373 | D:1      | Reached XP level 3. HP: 18/18 MP: 7/7
   533 | D:1      | Reached skill level 1 in Short Blades
   700 | D:2      | Slain by a gnoll

Illustrated notes

Levels and vault maps discovered:
D:1:      wander_arrival_fairy_ring, layout_rooms
D:2:      layout_loops_ring

Skill      XL: |  1  2  3 |
---------------+----------+-----
Fighting       | 1 |  1.4
Stealth        | 3 |  3.5
Short Blades   | 1 |  1.0
Dodging        | |  1.5
Spellcasting   | |  2.1
Necromancy     | |  4.0

Action                     || total
---------------------------++-------
  Melee: Whip              ||    57
         Unarmed           ||     9
         Bite              ||    22
         Dagger            ||    47
   Stab: Sleeping          ||     3
 Armour: Robe              ||    51
         Leather armour    ||    17
  Dodge: Dodged            ||    70
